 Seeded DCSS version 0.27.1-37-g7b29ead8ac (console) character file.

Game seed: 6275522714680253129 (custom seed)

91 grimtooth the Skirmisher (level 4, 0/75 HPs)
             Began as an Ogre Berserker on Mar 14, 2023.
             Was a Believer of Trog.
             Slain by a water moccasin (6 damage)
             ... on level 3 of the Dungeon.
             The game lasted 00:05:33 (3155 turns).

grimtooth the Skirmisher (Ogre Berserker)           Turns: 3155, Time: 00:05:34

Health: 0/75       AC:  3    Str: 22    XL:     4   Next: 57%
Magic:  4/4        EV: 10    Int:  8    God:    Trog [**....]
Gold:   112        SH:  0    Dex:  8    Spells: 3/3 levels left

rFire    . . .     SeeInvis .   a - +0 hand axe
rCold    . . .     Faith    +   (no shield)
rNeg     . . .     Spirit   .   b - +0 animal skin
rPois    .         Reflect  .   (helmet restricted)
rElec    .         Harm     .   (no cloak)
rCorr    .         Rampage  .   (gloves unavailable)
Will     .....                  (boots unavailable)
Stlth    ..........             h - amulet of faith
HPRegen  0.22/turn              (no ring)
MPRegen  0.09/turn              (no ring)

@: berserking, lethally poisoned (0 -> -8), very quick
A: large, unfitting armour, tough skin 1
a: Renounce Religion, Berserk, Trog's Hand


You were on level 3 of the Dungeon.
You worshipped Trog.
Trog was pleased with you.
You visited 1 branch of the dungeon, and saw 3 of its levels.

You collected 112 gold pieces.

Inventory:

Hand Weapons
 a - a +0 hand axe (weapon)
Missiles
 c - 8 boomerangs
 g - 18 sling bullets
 j - 82 stones (quivered)
Armour
 b - a +0 animal skin (worn)
Jewellery
 h - an amulet of faith (around neck)
 n - an amulet of guardian spirit
Wands
 q - a wand of acid (8)
Scrolls
 d - a scroll of enchant weapon {unknown}
 e - 2 scrolls of teleportation {unknown}
 i - 5 scrolls of identify {unknown}
 l - a scroll of magic mapping {unknown}
 o - a scroll of noise {unknown}
Potions
 f - a potion of heal wounds {unknown}
 k - a potion of haste {unknown}
 m - a potion of invisibility {unknown}
 p - a potion of curing {unknown}


   Skills:
 + Level 5.1 Fighting
 * Level 4.6 Axes
 - Level 2.6 Dodging


You had 3 spell levels left.
You didn't know any spells.
Your spell library was empty.

Dungeon Overview and Level Annotations

Branches:
Dungeon (3/15)

Altars:
Qazlal
Ru


Innate Abilities, Weirdness & Mutations

You are too large for most types of armour.
You have tough skin. (AC +1)


Message History

The water moccasin poisons you!
You barely miss the water moccasin.
The water moccasin is severely wounded.
You feel very sick. The water moccasin closely misses you.
You closely miss the water moccasin.
The water moccasin is severely wounded.
You feel very sick. The water moccasin barely misses you.
You barely miss the water moccasin.
The water moccasin is severely wounded.
You feel very sick. The water moccasin bites you.
* * * LOW HITPOINT WARNING * * *
You barely miss the water moccasin.
The water moccasin is severely wounded.
* * * LOW HITPOINT WARNING * * *
You feel very sick. The water moccasin closely misses you.
You miss the water moccasin.
The water moccasin is severely wounded.
* * * LOW HITPOINT WARNING * * *
You feel sick.
The water moccasin is no longer covered in acid.
The water moccasin closely misses you.
You hit the water moccasin.
The water moccasin is almost dead.
* * * LOW HITPOINT WARNING * * *
You feel very sick. The water moccasin closely misses you.
You closely miss the water moccasin.
The water moccasin is almost dead.
* * * LOW HITPOINT WARNING * * *
You feel sick. The water moccasin bites you.
* * * LOW HITPOINT WARNING * * *
You closely miss the water moccasin.
The water moccasin is almost dead.
* * * LOW HITPOINT WARNING * * *
You feel sick. The water moccasin bites you.
You die...

#######.#.# ...........
###........ .......
.......)... (....
.......)... .....
.##........ ... #........
... ........... #(#
###........ #S# +........
#@# #........
#.##############..
#.............##.#
#.#####...........
######...#.......#.##..
............#.....#.#...
############.#########.###.
#.......<..................
#.##########.#########.###.
#.##.......#.#.......#.# ##
#.##.#.#.#.#.#.#####.#.####


You could see a water moccasin.

Vanquished Creatures
  3 adders
  A worm (D:2)
  A dart slug (D:1)
  An orc (D:3)
  5 ball pythons
  5 endoplasms
  2 giant cockroaches
  3 goblins
  5 hobgoblins
  7 jackals
  5 kobolds
  3 quokkas
  6 bats
  3 frilled lizards
  2 rats (D:3)
52 creatures vanquished.

Notes
Turn   | Place    | Note
-------+----------+-------------------------------------------
     0 | D:1      | grimtooth the Ogre Berserker began the quest for the Orb.
     0 | D:1      | Reached XP level 1. HP: 24/24 MP: 1/1
   227 | D:1      | Reached XP level 2. HP: 31/32 MP: 2/2
   376 | D:1      | Found a faded altar of an unknown god.
   378 | D:1      | Noticed an eye of devastation
   632 | D:1      | Noticed a shining eye
   640 | D:1      | Noticed a great orb of eyes
   662 | D:1      | Noticed an eye of devastation
  1516 | D:2      | Reached XP level 3. HP: 39/40 MP: 3/3
  1594 | D:2      | Reached ** piety under Trog
  2243 | D:3      | Reached XP level 4. HP: 48/49 MP: 4/4
  2390 | D:3      | Found a sacrificial altar of Ru.
  2662 | D:3      | Reached skill level 5 in Fighting
  2924 | D:3      | Noticed an earth elemental
  2929 | D:3      | Found a stormy altar of Qazlal.
  2931 | D:3      | Noticed a water elemental
  2931 | D:3      | Noticed a fire elemental
  2931 | D:3      | Noticed an air elemental
  3139 | D:3      | Noticed a water moccasin
  3155 | D:3      | Slain by a water moccasin

Illustrated notes

Levels and vault maps discovered:
D:1:      enne_arrival_octagon_isle, layout_basic,
          hellmonk_ecumenical_altar_watching_god, minivault_11
D:2:      layout_loops_ring, feat_on_display
D:3:      layout_basic, mainiacjoe_overflow_paths,
          nicolae_qazlal_style_of_elements, zin_academy, grunt_ministairs_14

Skill      XL: |  1  2  3  4 |
---------------+-------------+-----
Axes           | 4 |  4.6
Fighting       | 5 |  5.1
Dodging        | |  2.6

Action                   |  1- 3 |  4- 6 || total
-------------------------+-------+-------++-------
Melee: Hand axe          |   143 |    83 ||   226
Throw: Stone             |    10 |     1 ||    11
Invok: Berserk           |       |     1 ||     1
Evoke: Wand              |       |     1 ||     1
Armor: Animal skin       |    63 |    20 ||    83
Dodge: Dodged            |   105 |    54 ||   159
